 Dungeon Crawl Stone Soup version 0.19.1-1-g22dce08 (webtiles) character file.

8396 Peloso the Carver (level 11, -2/97 HPs)
             Began as a Minotaur Fighter on Jan 14, 2017.
             Was an Elder of Okawaru.
             Slain by a five-headed hydra (8 damage)
             ... on level 1 of the Lair of Beasts.
             The game lasted 00:27:39 (10219 turns).

Peloso the Carver (Minotaur Fighter)               Turns: 10219, Time: 00:27:40

Health: -2/97      AC: 15    Str: 22    XL:     11   Next: 9%
Magic:  19/19      EV:  7    Int:  5    God:    Okawaru [****..]
Gold:   444        SH: 14    Dex: 12    Spells: 0 memorised, 10 levels left

rFire  . . .     SeeInvis .     a - +1 long sword
rCold  . . .     Gourm    .     N - +0 plate armour {MR+}
rNeg   . . .     Faith    .     q - +2 shield
rPois  .         Spirit   .     (helmet restricted)
rElec  .         Reflect  .     p - +0 cloak
rCorr  .         Harm     .     (no gloves)
MR     ++...                    (no boots)
Stlth  ..........               (no amulet)
                                G - ring of magical power
                                x - ring of protection from magic

@: lethally poisoned (-2 -> -4), slowed, very slow
A: retaliatory headbutt, horns 2
a: Heroism, Renounce Religion


You were on level 1 of the Lair of Beasts.
You worshipped Okawaru.
Okawaru was greatly pleased with you.
You were hungry.

You visited 3 branches of the dungeon, and saw 11 of its levels.
You also visited: Sewer.

You collected 601 gold pieces.
You spent 157 gold pieces at shops.

Inventory:

Hand Weapons
 a - a +1 long sword (weapon)
 y - a +1 whip of flaming
Armour
 c - quicksilver dragon scales
 p - a +0 cloak (worn)
 q - a +2 shield (worn)
 B - a +0 chain mail of poison resistance
 N - a +0 plate armour of magic resistance (worn)
Jewellery
 e - an uncursed ring of ice
 t - a +4 ring of intelligence
 x - a ring of protection from magic (left hand)
 G - a ring of magical power (right hand)
Wands
 l - a wand of polymorph (18/24)
 n - a wand of lightning (1/15)
 o - a wand of slowing (42/48)
 w - a wand of paralysis (17/24)
 A - a wand of random effects (6/48)
 F - a wand of paralysis (13/24)
 H - a wand of flame (28/48)
 M - a wand of flame (32/48)
Scrolls
 b - a scroll of enchant weapon
 d - a scroll of fear {unknown}
 h - 3 scrolls of blinking
 r - 4 scrolls of remove curse
 E - 5 scrolls of enchant armour
 I - a scroll of identify
Potions
 j - 3 potions of magic
 s - 2 potions of flight
 u - 4 potions of curing
 v - 3 potions of haste
 z - a potion of brilliance
 C - a potion of heal wounds {unknown}
 D - a potion of ambrosia {unknown}
 L - a potion of agility {unknown}
Books
 J - a book of Misfortune

   Spells                             Type                      Level
   a - Confusing Touch                Hexes                        1
   b - Confuse                        Hexes                        3
   c - Gell's Gravitas                Hexes/Translocation          3
   d - Petrify                        Transmutation/Earth          4
   e - Metabolic Englaciation         Hexes/Ice                    5
   f - Yara's Violent Unravelling     Hexes/Transmutation          5
Comestibles
 f - 8 bread rations
 g - 2 royal jellies
 i - 6 meat rations
 k - 2 beef jerkies
 m - 6 fruits
 K - 3 chunks of flesh


   Skills:
 + Level 9.3 Fighting
 + Level 11.9 Long Blades
 + Level 10.0 Armour
 + Level 2.4 Dodging
 + Level 0.8 Stealth
 + Level 11.1 Shields
 + Level 0.2 Invocations
 + Level 0.1 Evocations


You had 10 spell levels left.
You didn't know any spells.

Dungeon Overview and Level Annotations

Branches:
Dungeon (9/15)             Temple (1/1) D:6            Lair (1/6) D:8
    Orc (0/2) D:9

Altars:
Cheibriados
Dithmenos
Hepliaklqana
Kikubaaqudgha
Makhleb
Okawaru
Qazlal
Ru
Sif Muna
Trog
Vehumet
Zin

Shops:
D:5 %   D:8 ?

Annotations:
D:8 4 runed doors
Lair:1 Gastronok


Innate Abilities, Weirdness & Mutations

You reflexively headbutt those who attack you in melee.
You have a pair of horns on your head.


Message History

Evoking this partially-identified wand wasted a few charges.
You feel sick.
You hear a roar! x2; You hear an angry hiss.
A five-headed hydra comes into view.
You feel sick. The water moccasin bites you.
* * * LOW HITPOINT WARNING * * *
The water moccasin bites you but does no damage.
Unknown command.
You feel sick.
Gastronok gurgles horribly!
The water moccasin bites you but does no damage.
You feel sick. The water moccasin barely misses you. You furiously retaliate!
You headbutt the water moccasin, but do no damage.
You feel sick.
You feel sick.
Gastronok waves his eye-stalks in wide circles.
The air twists around and strikes you!
* * * LOW HITPOINT WARNING * * *
You feel sick. The five-headed hydra bites you!
You die...

................##...............
..............%...#......###'####
........%P.)......P.[...####.#
...>..........(((.......##P#+#
........%.........P.....†(+
.............%.)..#.....###
.............%...........#
................wD#.....##
.......#w...%...@.S.....#
....#.P#....#P.####.....P#
...........................
............................
............................
.#####P..... ..............
.#####...... ..............
.....#....P. ............


You could see Gastronok, a five-headed hydra and a water moccasin.

Vanquished Creatures
  Sonja (Lair:1)
  The ghost of Naksu the Grappler, a novice TrMo of Dithmenos (D:7)
  A hill giant (D:9)
  Pikel (D:4)
  The ghost of Nakatomy the Chopper, an amateur DsFi (D:5)
  A two-headed ogre (D:8)
  4 hippogriffs
  Grinder (D:5)
  A hippogriff (shapeshifter) (D:8)
  A spriggan (D:7)
  Eustachio (D:5)
  2 porcupines (Lair:1)
  Duvessa (D:4)
  3 ice beasts
  3 black bears
  2 sky beasts (D:9)
  5 orc warriors
  3 ogres
  The ghost of monokles the Skirmisher, an amateur DsMo (D:3)
  3 wolves (Lair:1)
  3 centaurs
  A crocodile (Lair:1)
  2 big kobolds
  7 bullfrogs
  Dowan (D:4)
  2 scorpions
  2 howler monkeys
  6 crimson imps
  2 bullfrog zombies
  A centaur zombie (D:8)
  A quasit (D:5)
  A jelly (D:8)
  2 centaur skeletons
  6 orc priests
  Crazy Yiuf (D:5)
  A bullfrog skeleton (D:8)
  9 orc wizards
  4 worker ants
  Natasha (thrice) (D:2)
  2 iguanas
  A killer bee zombie (D:7)
  A hound zombie (D:8)
  3 gnolls (D:6)
  8 adders
  2 river rats (Sewer)
  A shadow imp (D:9)
  2 adder skeletons (D:9)
  An adder zombie (D:5)
  3 worms
  A dart slug (D:2)
  2 leopard geckos
  43 orcs
  A ball python (D:3)
  7 bats
  3 giant cockroaches
  15 goblins
  7 hobgoblins
  2 jackals (Sewer)
  4 quokkas
  5 frilled lizards
  14 kobolds
  2 quokka skeletons
  13 rats
  4 rat zombies (D:4)
239 creatures vanquished.

Vanquished Creatures (others)
  A slave (D:4)
  A centaur skeleton (D:4)
  3 worker ants (D:4)
  An orc (D:4)
  A giant cockroach (D:4)
7 creatures vanquished.

Grand Total: 246 creatures vanquished

Notes
Turn   | Place    | Note
-------+----------+-------------------------------------------
     0 | D:1      | Peloso the Minotaur Fighter began the quest for the Orb.
     0 | D:1      | Reached XP level 1. HP: 19/19 MP: 0/0
    88 | D:1      | Reached XP level 2. HP: 22/27 MP: 1/1
   929 | D:2      | Noticed Natasha
   934 | D:2      | Noticed a crimson imp
   934 | D:2      | Killed Natasha
   934 | D:2      | Reached XP level 3. HP: 33/33 MP: 2/2
   939 | D:2      | Found a hazy altar of Hepliaklqana.
   961 | D:2      | Found a sacrificial altar of Ru.
  1277 | D:2      | Noticed Natasha
  1283 | D:2      | Killed Natasha
  1283 | D:2      | Reached XP level 4. HP: 29/40 MP: 3/3
  1455 | D:2      | Noticed Natasha
  1456 | D:2      | Killed Natasha
  1669 | D:3      | Noticed a centaur
  1678 | D:3      | Killed a centaur
  1678 | D:3      | Reached skill level 1 in Dodging
  1678 | D:3      | Reached skill level 5 in Shields
  1678 | D:3      | Reached XP level 5. HP: 39/47 MP: 4/4
  1710 | D:3      | Reached skill level 5 in Armour
  1735 | D:3      | Noticed monokles's ghost (amateur DsMo)
  1770 | D:3      | Killed monokles's ghost
  1770 | D:3      | Reached XP level 6. HP: 41/55 MP: 5/5
  2376 | D:4      | Noticed Pikel
  2376 | D:4      | Noticed a slave
  2377 | D:4      | Noticed a slave
  2388 | D:4      | Noticed a slave
  2406 | D:4      | Noticed a slave
  2414 | D:4      | Killed Pikel
  2414 | D:4      | Reached skill level 5 in Fighting
  2414 | D:4      | Reached skill level 5 in Long Blades
  2414 | D:4      | Reached XP level 7. HP: 23/61 MP: 6/6
  2836 | D:4      | Found an ancient bone altar of Kikubaaqudgha.
  3388 | D:5      | Entered Level 5 of the Dungeon
  3388 | D:5      | Noticed Duvessa
  3388 | D:5      | Noticed Dowan
  3423 | D:4      | Killed Duvessa
  3428 | D:4      | Killed Dowan
  3428 | D:4      | Reached XP level 8. HP: 47/69 MP: 7/7
  3455 | D:5      | Found Dolex's Food Boutique.
  3456 | D:5      | Noticed Nakatomy's ghost (amateur DsFi)
  3546 | D:5      | Killed Nakatomy's ghost
  4105 | D:5      | Noticed Grinder
  4120 | D:5      | Killed Grinder
  4312 | D:5      | Found a runed door.
  4506 | D:5      | Noticed Eustachio
  4514 | D:5      | Found a radiant altar of Vehumet.
  4522 | D:5      | Killed Eustachio
  4528 | D:5      | Found a burning altar of Makhleb.
  4532 | D:5      | Found a glowing silver altar of Zin.
  4596 | D:5      | Noticed Crazy Yiuf
  4599 | D:5      | Killed Crazy Yiuf
  4731 | D:6      | Found a bloodstained altar of Trog.
  4739 | D:6      | Reached XP level 9. HP: 77/78 MP: 8/8
  5065 | D:6      | Found a glowing drain.
  5069 | Sewer    | Entered a sewer
  5198 | Sewer    | Found a white marble altar of Elyvilon.
  5519 | D:6      | Found a staircase to the Ecumenical Temple.
  5550 | Temple   | Entered the Ecumenical Temple
  5574 | Temple   | Became a worshipper of Warmaster Okawaru
  5709 | D:7      | Noticed Naksu's ghost (novice TrMo)
  6810 | D:7      | Paralysed by a crimson imp for 2 turns
  7243 | D:7      | Killed Naksu's ghost
  7243 | D:7      | Reached * piety under Okawaru
  7243 | D:7      | Reached skill level 10 in Long Blades
  7243 | D:7      | Reached XP level 10. HP: 85/88 MP: 9/9
  7793 | D:8      | Found Moskuisch's Magic Scroll Boutique.
  7804 | D:8      | Reached ** piety under Okawaru
  7808 | D:8      | Found a staircase to the Lair.
  7812 | D:8      | Bought a scroll of teleportation for 45 gold pieces
  7812 | D:8      | Bought a scroll of enchant armour for 112 gold pieces
  8047 | D:8      | Found a large runed door.
  8047 | D:8      | Found a large runed door.
  8156 | D:8      | Found a large runed door.
  8156 | D:8      | Found a large runed door.
  8243 | D:8      | Reached skill level 10 in Shields
  8274 | D:8      | Found a stormy altar of Qazlal.
  8863 | D:9      | Reached *** piety under Okawaru
  9212 | D:9      | Found a staircase to the Orcish Mines.
  9324 | D:9      | Noticed a hill giant
  9337 | D:9      | Killed a hill giant
  9542 | Lair:1   | Entered Level 1 of the Lair of Beasts
  9590 | Lair:1   | Noticed Gastronok
 10110 | Lair:1   | Reached XP level 11. HP: 80/97 MP: 10/10
 10185 | Lair:1   | Noticed Sonja
 10213 | Lair:1   | Killed Sonja
 10213 | Lair:1   | Reached **** piety under Okawaru
 10213 | Lair:1   | Reached skill level 10 in Armour
 10214 | Lair:1   | Noticed a five-headed hydra
 10219 | Lair:1   | Slain by a five-headed hydra

Skill      XL: |  1  2  3  4  5  6  7  8  9 10 11 |
---------------+----------------------------------+-----
Armour         | 4 5 6 7 9 10 | 10.0
Shields        | 4 5 6 7 8 9 10 11 | 11.1
Fighting       | 4 5 6 7 9 |  9.3
Long Blades    | 3 4 5 6 8 10 11 | 11.9
Dodging        | 1 2 |  2.4
Stealth        | |  0.8
Invocations    | |  0.2
Evocations     | |  0.1

Action                   |  1- 3 |  4- 6 |  7- 9 | 10-12 || total
-------------------------+-------+-------+-------+-------++-------
Melee: Long sword        |    58 |   120 |   410 |   355 ||   943
       Headbutt          |    11 |    23 |    78 |    80 ||   192
Invok: Heroism           |       |       |       |     5 ||     5
Evoke: Wand              |       |       |       |     3 ||     3
  Use: Potion            |       |     1 |     1 |     1 ||     3
       Scroll            |       |       |    14 |     1 ||    15
  Eat: Chunk             |     1 |     4 |    13 |     9 ||    27
       Fruit             |       |       |     4 |       ||     4
Armor: Scale mail        |    20 |       |       |       ||    20
       Chain mail        |     8 |       |       |       ||     8
       Plate armour      |     2 |    95 |   211 |   127 ||   435
Dodge: Dodged            |    20 |    35 |    74 |    59 ||   188
Block: Shield            |    40 |    81 |   248 |   217 ||   586
       Rpst.: Long sword |     6 |     9 |    19 |    12 ||    46
